 Dungeon Crawl Stone Soup version 0.20.1-1-g8b1a95d (webtiles) character file.

64 Monsterracer the Shooter (level 3, 3/27 HPs)
             Began as a Demigod Arcane Marksman on Sept 2, 2017.
             Quit the game on level 1 of the Dungeon.
             The game lasted 00:04:12 (2031 turns).

Monsterracer the Shooter (Demigod Arcane Marksman)  Turns: 2031, Time: 00:04:14

Health: 3/27       AC:  4    Str: 12 (15) XL:     3   Next: 64%
Magic:  6/6        EV: 12    Int: 15 (17) God:
Gold:   89         SH:  0    Dex: 14 (16) Spells: 1/4 levels left

rFire    . . .     SeeInvis .   a - +0 shortbow
rCold    . . .     Gourm    .   (shield currently unavailable)
rNeg     . . .     Faith    .   i - +1 leather armour (curse)
rPois    .         Spirit   .   (no helmet)
rElec    .         Reflect  .   (no cloak)
rCorr    .         Harm     .   (no gloves)
MR       .....                  (no boots)
Stlth    +.........             (no amulet)
Regen    0.1/turn               (no ring)
MPRegen  0.1/turn               (no ring)

@: lethally poisoned (3 -> -4), berserk cooldown, slowed, very slow
A: high mp 1
a: no special abilities


You were on level 1 of the Dungeon.
You were not hungry.

You visited 1 branch of the dungeon, and saw 2 of its levels.

You collected 89 gold pieces.

Inventory:

Hand Weapons
 a - a +0 shortbow (weapon)
 b - a +0 short sword
Missiles
 d - 13 arrows (quivered)
Armour
 h - a +0 plate armour
 i - a cursed +1 leather armour (worn)
 k - a cursed +0 chain mail
Potions
 e - 2 potions of might
Comestibles
 f - a bread ration


   Skills:
 - Level 0.8 Fighting
 + Level 3.9 Bows
 - Level 1.7 Dodging
 - Level 1.0 Spellcasting
 - Level 2.6 Hexes


You had one spell level left.
You knew the following spells:

 Your Spells              Type           Power        Failure   Level  Hunger
a - Portal Projectile     Hex/Tloc       #.....       47%         3    ####...


Dungeon Overview and Level Annotations

Branches:
Dungeon (2/15)


Innate Abilities, Weirdness & Mutations

You have an increased reservoir of magic. (+10% MP)


Message History

* * * LOW HITPOINT WARNING * * *
You feel sick.
Damage: -3%(-1hp) hp: 15%(6hp)
You swing at nothing.
You feel your anger subside.
Unknown command.
You swing at nothing.
You are no longer berserk.
You are exhausted.
You feel yourself slow down.
* * * LOW HITPOINT WARNING * * *
You feel sick.
Huge Dmg: -11%(-3hp) hp: 12%(3hp)
Okay, then.
* * * LOW HITPOINT WARNING * * *
You feel sick.
Things that are here:
a club; a jackal corpse Unknown command.
Are you sure you want to abandon this character and quit the game? (Confirm with "yes".)

##################
#.................
#.###############. #.#
#......#. #.# #.####.#.
#@########.####'#'
###########>.........##.....
#.........†.#######..##.....
#.######≈♣≈≈♣≈♣♣♣.....'.....
#.##≈♣≈♣♣♣P≈≈≈≈≈♣♣♣♣♣##.....
#≈≈P♣♣♣≈P≈≈≈♣≈≈PPPP≈≈≈#....[
#♣PP≈≈♣≈≈≈≈≈≈≈≈≈≈≈P≈≈≈♣≈....
#♣≈≈P≈P≈P≈≈≈≈≈≈≈≈≈≈≈≈≈≈≈♣≈...
#♣≈≈≈≈P≈≈≈≈≈≈≈≈≈≈≈≈P≈≈≈♣≈≈≈P..


There were no monsters in sight!

Vanquished Creatures
  3 adders
  An ooze (D:1)
  A dart slug (D:1)
  3 giant cockroaches (D:1)
  3 goblins
  3 hobgoblins
  8 jackals (D:1)
  A bat (D:2)
  A frilled lizard (D:1)
  4 kobolds (D:1)
  A rat (D:2)
29 creatures vanquished.

Notes
Turn   | Place    | Note
-------+----------+-------------------------------------------
     0 | D:1      | Monsterracer the Demigod Arcane Marksman began the quest for the Orb.
     0 | D:1      | Reached XP level 1. HP: 15/15 MP: 4/4
   154 | D:1      | Reached skill level 2 in Bows
   393 | D:1      | HP: 6/15 [kobold/dagger (4)]
   629 | D:1      | Reached XP level 2. HP: 22/22 MP: 5/5
   805 | D:1      | HP: 10/22 [kobold/short sword (4)]
   812 | D:1      | HP: 6/22 [kobold/short sword (1)]
  1180 | D:1      | Reached skill level 3 in Bows
  1397 | D:1      | HP: 11/22 [adder (3)]
  1399 | D:1      | Reached XP level 3. HP: 11/27 MP: 6/6
  1404 | D:1      | HP: 9/27 [poisoned by an adder]
  1412 | D:1      | HP: 8/27 [poisoned by an adder]
  1627 | D:1      | Learned a level 3 spell: Portal Projectile
  2020 | D:1      | HP: 10/27 [adder (4)]
  2025 | D:1      | HP: 8/40 [poisoned by an adder]
  2029 | D:1      | HP: 3/27 [poisoned by an adder]
  2031 | D:1      | Quit the game

Skill      XL: |  1  2 |
---------------+-------+-----
Bows           | 2 3 |  3.9
Fighting       | |  0.8
Dodging        | |  1.7
Spellcasting   | |  1.0
Hexes          | |  2.6

Action                   || total
-------------------------++-------
Melee: Whip              ||    19
       Unarmed           ||     5
       Dagger            ||    42
       Short sword       ||    72
 Fire: Shortbow          ||    23
  Use: Scroll            ||     4
       Potion            ||     2
 Stab: Sleeping          ||     1
  Eat: Chunk             ||     4
Armor: Leather armour    ||    77
       Robe              ||     1
Dodge: Dodged            ||   167
